 Dungeon Sprint DCSS version 0.30-a0-591-g3c58d2bc28 (webtiles) character file.

Game seed: 13848918065105046686

1462 rocky1 the Imperceptible (level 8, -11/76 HPs)
             Began as a Naga Brigand on Jan 5, 2023.
             Was an Initiate of Gozag.
             Shot with an arrow by a centaur warrior (23 damage)
             ... in the Dungeon (Sprint I: "Red Sonja").
             The game lasted 00:02:57 (321 turns).

rocky1 the Imperceptible (Naga Brigand)              Turns: 321, Time: 00:02:57

Health: -11/76     AC:  5    Str: 14    XL:     8   Next: 77%
Magic:  8/8        EV: 10    Int: 12    God:    Gozag
Gold:   798        SH:  0    Dex: 14    Spells: 7/7 levels left

rFire   . . .      SeeInvis +    s - +0 short sword (venom)
rCold   . . .      Faith    .    (no shield)
rNeg    . . .      Spirit   .    n - +0 leather armour
rPois   +          Reflect  .    (no helmet)
rElec   .          Harm     .    c - +0 cloak
rCorr   .          Rampage  .    (no gloves)
Will    +....      NoTele   +    (no barding)
Stlth   ++++++++                 (no amulet)
HPRegen 0.32/turn                (no ring)
MPRegen 0.11/turn                (no ring)

@: short of breath, very slow
A: AC +2, large, see invisible, deformed body, poison resistance, slowness 2,
spit poison 1, naga tail 1
a: Spit Poison, Renounce Religion, Potion Petition, Call Merchant, Bribe Branch


You were in the Dungeon.
You worshipped Gozag.
Gozag was pleased with you.
You visited 1 branch You collected 1050 gold pieces.
You spent 252 gold pieces at shops.

Inventory:

Hand Weapons
 a - a +2 dagger
 m - a +1 dagger of flaming
 s - a +0 short sword of venom (weapon)
Missiles
 d - 9 poisoned darts (quivered)
 e - 8 curare-tipped darts
Armour
 b - a +0 robe
 c - a +0 cloak (worn)
 n - a +0 leather armour (worn)
 o - a scarf of resistance
Wands
 l - a wand of digging (2)
Scrolls
 k - a scroll of blinking
 p - a scroll of identify {unknown}
 u - a scroll of fear {unknown}
Potions
 f - 5 potions of curing
 g - a potion of heal wounds
 h - a potion of haste
 i - 2 potions of magic
 j - 2 potions of berserk rage
 q - 2 potions of flight
 r - a potion of might
 t - 2 potions of lignification {unknown}


   Skills:
 + Level 5.9 Fighting
 + Level 7.2 Short Blades
 + Level 5.4 Throwing
 + Level 0.7 Armour
 + Level 2.2 Dodging
 + Level 23.2 Stealth


You had 7 spell levels left.
You didn't know any spells.
Your spell library was empty.

Dungeon Overview and Level Annotations

Branches:
Dungeon (1/1)

Altars:
Cheibriados
Dithmenos
Elyvilon
Fedhas
Gozag
Hepliaklqana
Kikubaaqudgha
Nemelex Xobeh
Okawaru
Qazlal
Ru
Sif Muna
Trog
Uskayaw
Vehumet
Wu Jian
Yredelemnul
Zin
The Shining One

Shops:
D =![


Innate Abilities, Weirdness & Mutations

Your serpentine skin is tough. (AC +2)
You have supernaturally acute eyesight. (SInv)
Armour fits poorly on your strangely shaped body.
Your system is resistant to poisons. (rPois)
You cover ground very slowly.
You can spit poison.
You have a snake-like lower body.


Message History

Found a scroll labelled UWUMOB CIVUSS.
There is an open door here.
You now have 781 gold pieces (gained 11).
You now have 798 gold pieces (gained 17).
u - a scroll labelled UWUMOB CIVUSS You open the door.
A centaur warrior comes into view.
The centaur warrior moves out of view.
A centaur warrior comes into view.
The centaur warrior shouts!
The centaur warrior wields a +0 shortbow.
The centaur warrior shoots an arrow.
The arrow hits you!
You hear a shout!
Found 5 gold pieces and 4 stones.
There is an open door here.
You enter the shallow water.
The centaur warrior unwields a +0 shortbow.
The centaur warrior hits you. The centaur warrior closely misses you.
The centaur warrior hits you.
The centaur warrior completely misses you.
The centaur warrior hits you. The centaur warrior barely misses you.
The centaur warrior wields a +0 longbow.
The centaur warrior shoots an arrow.
The arrow closely misses you. The centaur warrior hits you!
The centaur warrior kicks you.
The centaur warrior shoots an arrow.
The arrow barely misses you.
There is an open door, spattered with blood here.
You barely miss the centaur warrior. The centaur warrior hits you!
The centaur warrior kicks you.
You are too injured to fight recklessly!
Aiming: Spit Poison (1% risk of failure)
Press: ? - help, Shift-Dir - straight line, f - centaur warrior
Aim: a centaur warrior (74% to hit)
The splash of poison hits the centaur warrior.
The centaur warrior is lightly wounded.
The centaur warrior shoots an arrow.
The arrow hits you!!
* * * LOW HITPOINT WARNING * * *
The centaur warrior closely misses you. The centaur warrior misses you.
The centaur warrior shoots an arrow.
The arrow hits you!!
You die...
Your body crumbles into a pile of gold.

###############
<.#..'..#.)'..# $$ $$
$$ ..'..#.)'..#..+ $$ $
..#####'#####'# ### $
..####..#...#.####§(# $
$
..#__####..##.#§~§§§#$$
$ ..#_____##'#_.+~§c§.+
$
⌠⌠#_.∩..÷'..._#§§c§.#$$
$ #.#_..__##_.#'##@####
..#_____###'#.#[.§.###
$
###########.####'###.##
$
∩........'...'.....'.∩#
$
##++++####...##########
$ $$ ###.###


$$$$ #.#'#.# $ $$$$ #.....# $$ $$$$ #.))).# $$$ You could see 2 centaur
warriors.

Vanquished Creatures
  Sonja (D)
  A deep troll (D)
  Sigmund (D)
  A yak (D)
  An ogre (D)
  A jelly (D)
  Ijyb (D)
  A ballistomycete spore (D)
8 creatures vanquished.

Vanquished Creatures (others)
  A ballistomycete spore (D)
1 creature vanquished.

Grand Total: 9 creatures vanquished

Notes
Turn   | Place    | Note
-------+----------+-------------------------------------------
     0 | D        | rocky1 the Naga Brigand began the quest for the Orb.
     0 | D        | Reached XP level 1. HP: 19/19 MP: 1/1
     2 | D        | Noticed Ijyb
     5 | D        | Killed Ijyb
     6 | D        | Reached skill level 9 in Stealth
     6 | D        | Reached XP level 2. HP: 27/27 MP: 2/2
     6 | D        | Reached XP level 3. HP: 33/33 MP: 3/3
    21 | D        | Noticed an ogre
    24 | D        | Killed an ogre
    25 | D        | Reached skill level 1 in Dodging
    25 | D        | Reached skill level 13 in Stealth
    25 | D        | Reached XP level 4. HP: 42/42 MP: 4/4
    36 | D        | Noticed Sigmund
    39 | D        | Killed Sigmund
    40 | D        | Reached skill level 16 in Stealth
    40 | D        | Reached XP level 5. HP: 50/50 MP: 5/5
    40 | D        | Reached XP level 6. HP: 57/57 MP: 6/6
    53 | D        | Found an ornate altar of the Wu Jian Council.
    53 | D        | Found a shimmering blue altar of Sif Muna.
    55 | D        | Found a radiant altar of Vehumet.
    80 | D        | Found Iniw's Distillery.
    80 | D        | Found an ancient bone altar of Kikubaaqudgha.
    80 | D        | Found a hazy altar of Hepliaklqana.
    80 | D        | Found a stormy altar of Qazlal.
    80 | D        | Found a hide-covered altar of Uskayaw.
    80 | D        | Found a blossoming altar of Fedhas.
    80 | D        | Found a bloodstained altar of Trog.
    80 | D        | Found an iron altar of Okawaru.
    80 | D        | Found a basalt altar of Yredelemnul.
    80 | D        | Found a glowing golden altar of the Shining One.
    80 | D        | Found a snail-covered altar of Cheibriados.
    80 | D        | Found a sacrificial altar of Ru.
    80 | D        | Found a glowing silver altar of Zin.
    80 | D        | Found a shadowy altar of Dithmenos.
    80 | D        | Found a white marble altar of Elyvilon.
    80 | D        | Noticed a yak
    81 | D        | Found an opulent altar of Gozag.
    82 | D        | Killed a yak
    83 | D        | Reached skill level 5 in Short Blades
    83 | D        | Reached skill level 18 in Stealth
    83 | D        | Reached XP level 7. HP: 66/66 MP: 7/7
    83 | D        | Found a sparkling altar of Nemelex Xobeh.
    88 | D        | Became a worshipper of Gozag Ym Sagoz the Greedy
    91 | D        | Bought 2 potions of flight for 72 gold pieces
    91 | D        | Bought a potion of might for 48 gold pieces
    91 | D        | Bought a potion of berserk rage for 60 gold pieces
    91 | D        | Bought 2 potions of curing for 72 gold pieces
   108 | D        | Noticed Sonja
   112 | D        | Killed Sonja
   113 | D        | Reached skill level 5 in Fighting
   113 | D        | Reached skill level 5 in Throwing
   113 | D        | Reached skill level 21 in Stealth
   113 | D        | Reached XP level 8. HP: 75/75 MP: 8/8
   167 | D        | Found Veluov's Jewellery Boutique.
   187 | D        | Noticed a deep troll
   191 | D        | Killed a deep troll
   192 | D        | Reached skill level 23 in Stealth
   202 | D        | Found Zitrixiz's Armour Emporium.
   316 | D        | Noticed a centaur warrior
   317 | D        | Noticed a centaur warrior
   321 | D        | Shot with an arrow by a centaur warrior

Illustrated notes

Levels and vault maps discovered:
D:        dungeon_sprint_1 [red_sonja_temple_1, red_sonja_temple_small_1]

Skill      XL: |  1  2  3  4  5  6  7  8 |
---------------+-------------------------+-----
Throwing       | 2 3 4 5 |  5.4
Stealth        | 9 13 16 18 21 23 | 23.2
Fighting       | 3 4 5 |  5.9
Short Blades   | 3 4 5 6 7 |  7.2
Dodging        | 1 2 |  2.2
Armour         | |  0.7

Action                   |  1- 3 |  4- 6 |  7- 9 || total
-------------------------+-------+-------+-------++-------
Melee: Dagger            |     2 |     3 |     1 ||     6
       Short sword       |       |       |     3 ||     3
 Abil: Spit Poison       |       |       |     1 ||     1
Evoke: Wand              |       |       |     1 ||     1
 Stab: Sleeping          |     2 |     3 |     3 ||     8
Dodge: Dodged            |       |       |     7 ||     7

Table legend: (Time is in decaauts)
 A = Elapsed time spent in this place.
 B = Non-inter-level travel time spent in this place.
 C = Inter-level travel time spent in this place.
 D = Time resting spent in this place.
 E = Time spent auto-exploring this place.
 F = Levels seen in this place.
 G = Mean time per level.
                   A        B        C        D        E       F      G
               +--------+--------+--------+--------+--------+-----+--------+
         Total |    413 |    327 |     86 |      0 |      0 |   1 |  413.0 |
       Dungeon |    413 |    327 |     86 |      0 |      0 |   1 |  413.0 |
               +--------+--------+--------+--------+--------+-----+--------+

Top non-repeatable levels by time:
       D: 413 daAuts
